[Event "Titled Tuesday Blitz December 14 2021"]
[White "Keymer, Vincent"]
[Black "Kanyamarala, Tarun"]
[WhiteFideId "12940690"]
[BlackFideId "45004714"]
[WhiteElo "2557"]
[BlackElo "2077"]
[Result "1-0"]
[Round "09"]
[TimeControl "180+1"]
[Date "2021.12.14"]
[WhiteClock "0:00:11"]
[BlackClock "0:00:03"]

1. Nf3 d5 2. e3 c5 3. b3 Nc6 4. Bb5 Bd7 5. Bb2 Nf6 6. O-O e6 7. Bxc6 Bxc6 8. Ne5 Rc8 9. f4 Be7 10. d3 O-O 11. Nd2 Ne8 12. f5 exf5 13. Rxf5 Bf6 14. Qf3 g6 15. Nxc6 Rxc6 16. Rxd5 Qe7 17. d4 cxd4 18. Ne4 Rxc2 19. Bxd4 Bxd4 20. exd4 f5 21. Nc5 Qh4 22. h3 Nf6 23. Rd6 Ne4 24. Rd7 Nxc5 25. dxc5 Rxc5 26. Qxb7 Qf6 27. Rf1 Qb6 28. Qxa7 Qxa7 29. Rxa7 Rc2 30. Rf2 Rc1+ 31. Kh2 Rb8 32. Re2 Ra1 33. Ree7 h5 34. Rg7+ Kf8 35. Rxg6 Rxb3 36. axb3 Rxa7 37. Rf6+ Kg7 38. Rxf5 Ra3 39. Rf3 Kg6 40. Kg3 Kg5 41. Rc3 h4+ 42. Kf3 Ra1 43. Rc5+ Kg6 44. Kg4 Rb1 45. Rc2 Rxb3 46. Kxh4 Kh6 47. Rc6+ Kg7 48. g4 Rb5 49. g5 Rb3 50. Kg4 Kf7 51. h4 Kg7 52. Kh5 Rb4 53. Rc7+ Kg8 54. Ra7 Rb6 55. g6 Rf6 56. Kg5 Rf1 57. h5 Rf8 58. Kh6 Rd8 59. Rg7+ Kh8 60. Rh7+ Kg8 61. Re7 Kh8 62. Kg5 Kg8 63. Re5 Rd6 64. Re8+ Kg7 65. h6# 1-0


[Site "https://www.chess.com"]

[Event "Titled Tuesday Blitz December 14 2021"]
[White "Leitao, Rafael"]
[Black "Makhnev, Denis"]
[WhiteFideId "2101246"]
[BlackFideId "13707647"]
[WhiteElo "2609"]
[BlackElo "2491"]
[Result "1-0"]
[Round "09"]
[TimeControl "180+1"]
[Date "2021.12.14"]
[WhiteClock "0:01:39"]
[BlackClock "0:01:41"]

1. c4 e5 2. Nc3 Nf6 3. Nf3 Nc6 4. e4 Bb4 5. d3 Bxc3+ 6. bxc3 O-O 7. g3 d6 8. Bg2 a6 9. a4 Rb8 10. Rb1 h6 11. O-O Be6 12. Nh4 Nd7 13. Nf5 Qf6 14. f4 exf4 15. Rxf4 Bxf5 16. Rxf5 Qxc3 17. Bb2 Qb4 18. Bxg7 Kxg7 19. Rxb4 Nxb4 20. Qg4+ Kh7 21. Rh5 Ne5 22. Qf4 Nbxd3 23. Qxh6+ Kg8 24. Qh8# 1-0


[Site "https://www.chess.com"]

[Event "Titled Tuesday Blitz December 14 2021"]
[White "Makarian, Rudik"]
[Black "Chigaev, Maksim"]
[WhiteFideId "44105681"]
[BlackFideId "4108116"]
[WhiteElo "2486"]
[BlackElo "2546"]
[Result "0-1"]
[Round "09"]
[TimeControl "180+1"]
[Date "2021.12.14"]
[WhiteClock "0:00:11"]
[BlackClock "0:00:42"]

1. d4 e6 2. c4 Nf6 3. Nf3 d5 4. Nc3 Bb4 5. Qa4+ Nc6 6. a3 Bxc3+ 7. bxc3 Bd7 8. Qc2 dxc4 9. e4 Na5 10. Bg5 h6 11. Bh4 g5 12. Bg3 Bc6 13. Be5 Bxe4 14. Qa4+ Nc6 15. Nd2 Bd5 16. Nxc4 O-O 17. Ne3 Nxe5 18. dxe5 Bc6 19. Qc2 Nd5 20. Rd1 Nxe3 21. fxe3 Qe7 22. h4 f5 23. exf6 Qxf6 24. Bd3 Qe5 25. Rf1 Qxe3+ 26. Qe2 Rxf1+ 27. Kxf1 Rf8+ 28. Ke1 Qg3+ 29. Kd2 Rf2 0-1


[Site "https://www.chess.com"]

[Event "Titled Tuesday Blitz December 14 2021"]
[White "Maly, Alexey"]
[Black "Martinez Alcantara, Jose Eduardo"]
[WhiteFideId "14103184"]
[BlackFideId "3805662"]
[WhiteElo "2294"]
[BlackElo "2690"]
[Result "0-1"]
[Round "09"]
[TimeControl "180+1"]
[Date "2021.12.14"]
[WhiteClock "0:00:11"]
[BlackClock "0:00:18"]

1. d4 d5 2. c4 dxc4 3. e3 Nf6 4. Bxc4 e6 5. Nf3 a6 6. O-O c5 7. b3 Nbd7 8. Bb2 Be7 9. Nbd2 O-O 10. Qe2 b5 11. Bd3 cxd4 12. Bxd4 Bb7 13. a4 Qb8 14. Bb2 Nc5 15. Bc2 bxa4 16. b4 Bxf3 17. Nxf3 Qxb4 18. Ba3 Qb5 19. Qd1 Nd5 20. Nd4 Qb6 21. Rb1 Qc7 22. Qh5 g6 23. Qf3 Rab8 24. Rbc1 Qb6 25. Rb1 Qc7 26. Rbc1 Qd7 27. Bxc5 Bxc5 28. Bxa4 Qxa4 29. Rxc5 Rbc8 30. Rxc8 Rxc8 31. h4 Qd7 32. Ra1 e5 33. Ne2 Qe6 34. Ng3 Nf6 35. h5 Qc6 36. Qe2 Ra8 37. h6 Qe6 38. Qf3 e4 39. Qf4 Re8 40. Ne2 Nd5 41. Qg5 f6 42. Qg3 Nb4 43. Nd4 Qe5 44. Qh3 f5 45. Ra4 Rb8 46. Qh4 Qd6 47. Qg5 Rf8 48. g3 Nd3 49. Ra5 Qc7 50. Rxf5 Rxf5 51. Nxf5 Ne5 52. Ne7+ Kf7 53. Nd5 Qd6 54. Nf4 Qf6 55. Qxf6+ Kxf6 56. Nd5+ Kf5 57. Nc3 a5 58. Kg2 Ng4 59. f3 exf3+ 60. Kxf3 Nxh6 61. e4+ Ke5 62. Ke3 Nf7 63. Kf3 Nd6 64. Ke3 h5 65. Na4 Nxe4 66. Nb2 Nd6 67. Nd3+ Kd5 68. Nb2 Nc4+ 69. Nxc4 Kxc4 70. Kf4 a4 71. Kg5 a3 72. Kxg6 a2 73. Kxh5 a1=Q 74. g4 Qh8+ 75. Kg5 Kd5 76. Kf4 Ke6 77. g5 Ke7 78. Kg4 Kf8 79. g6 Kg7 80. Kg5 Qe8 81. Kh5 Qxg6+ 82. Kh4 Kf6 83. Kh3 Kf5 84. Kh2 Kf4 85. Kh1 Kf3 86. Kh2 Qg2# 0-1


[Site "https://www.chess.com"]

[Event "Titled Tuesday Blitz December 14 2021"]
[White "Nesterov, Arseniy"]
[Black "Blohberger, Felix"]
[WhiteFideId "24198455"]
[BlackFideId "1632051"]
[WhiteElo "2489"]
[BlackElo "2416"]
[Result "1-0"]
[Round "09"]
[TimeControl "180+1"]
[Date "2021.12.14"]
[WhiteClock "0:00:02"]
[BlackClock "0:00:04"]

1. d4 Nf6 2. c4 g6 3. Nc3 Bg7 4. e4 d6 5. Be2 O-O 6. Be3 e5 7. d5 Na6 8. g4 Nc5 9. f3 h5 10. g5 Nh7 11. h4 f6 12. gxf6 Bxf6 13. Bf2 Be7 14. Kd2 a5 15. Kc2 Rf4 16. Qe1 Kg7 17. Nh3 Rxh4 18. Bxh4 Bxh4 19. Nf2 Qg5 20. Qf1 Bd7 21. Nd3 Nxd3 22. Bxd3 Rf8 23. Qe2 Qf4 24. Qg2 Bg5 25. Raf1 h4 26. Kb1 Qg3 27. Qe2 h3 28. c5 dxc5 29. Bb5 Bc8 30. Bc4 Qg2 31. Qd1 Rf6 32. Nb5 Be3 33. Nxc7 Bd4 34. Qe2 Rxf3 35. Rxf3 Qxh1+ 36. Rf1 Qg2 37. Ne6+ Kh6 38. Re1 Ng5 39. Nxd4 cxd4 40. Qd1 Nxe4 41. d6 Bf5 42. Bd3 Nxd6 43. Bxf5 Nxf5 44. Qc1+ Ne3 45. Qc8 Qe4+ 46. Kc1 Qc6+ 47. Qxc6 bxc6 48. Rh1 Kg5 49. Rxh3 c5 50. Kd2 Kf4 51. Rh8 g5 52. Rf8+ Ke4 53. Rc8 g4 54. Rxc5 g3 55. Rc8 Kf3 56. Rf8+ Kg4 57. Rg8+ Kf4 58. Rf8+ Nf5 59. Ke2 e4 60. a3 d3+ 61. Kf1 d2 62. Ke2 e3 63. Rg8 Nd4+ 64. Kd1 Nf3 65. Ke2 Nd4+ 66. Kd1 Nf3 67. Ke2 Ke4 68. Rg4+ Kf5 69. Rxg3 Nd4+ 70. Kd1 Ke4 71. Rg2 Kd3 72. Rg3 a4 73. Rh3 Nc2 74. Rg3 Nd4 75. Rh3 Nf5 76. Rf3 Ke4 77. Rh3 Nd6 78. Ke2 Nb5 79. Rxe3+ Kd4 80. Kxd2 Nd6 81. Rd3+ Kc5 82. Kc2 Nb5 83. Rh3 Kc4 84. Rh4+ Nd4+ 85. Kd2 Kc5 86. Kd3 1-0


[Site "https://www.chess.com"]

[Event "Titled Tuesday Blitz December 14 2021"]
[White "Paravyan, David"]
[Black "Svane, Frederik"]
[WhiteFideId "4194985"]
[BlackFideId "12923044"]
[WhiteElo "2656"]
[BlackElo "2459"]
[Result "1-0"]
[Round "09"]
[TimeControl "180+1"]
[Date "2021.12.14"]
[WhiteClock "0:00:11"]
[BlackClock "0:00:02"]

1. e4 c5 2. Nf3 g6 3. d4 cxd4 4. Nxd4 Nc6 5. c4 Nf6 6. Nc3 d6 7. Be2 Nxd4 8. Qxd4 Bg7 9. Be3 O-O 10. Qd3 Nd7 11. O-O Nc5 12. Qd2 Qa5 13. Bh6 Bxh6 14. Qxh6 Be6 15. f4 Qb6 16. f5 Nxe4+ 17. Kh1 Nxc3 18. fxe6 Nxe2 19. Rxf7 Rxf7 20. exf7+ Kxf7 21. Qxh7+ Ke6 22. Qxg6+ Kd7 23. Qg4+ Kc7 24. Qxe2 e5 25. Rf1 Qd4 26. Rf7+ Kb6 27. Qf3 Qxc4 28. Qxb7+ Ka5 29. h3 Qxa2 30. Qxa7+ Kb4 31. Qb6+ Kc4 32. Qc6+ Kd4 33. Qxd6+ Qd5 34. Qb4+ Ke3 35. Rf3+ Ke2 36. Qc3 e4 37. Re3+ Kf2 38. Qe1# 1-0


[Site "https://www.chess.com"]

[Event "Titled Tuesday Blitz December 14 2021"]
[White "Pichot, Alan"]
[Black "Bacrot, Etienne"]
[WhiteFideId "110973"]
[BlackFideId "605506"]
[WhiteElo "2629"]
[BlackElo "2673"]
[Result "1-0"]
[Round "09"]
[TimeControl "180+1"]
[Date "2021.12.14"]
[WhiteClock "0:00:43"]
[BlackClock "0:00:10"]

1. e4 e5 2. Nf3 Nc6 3. Bc4 Bc5 4. O-O Nf6 5. d3 d6 6. c3 O-O 7. Nbd2 a5 8. h3 Be6 9. a4 h6 10. Re1 Re8 11. Bb5 Bd7 12. Nf1 Bb6 13. Ng3 Ne7 14. Bc4 Ng6 15. Qb3 Be6 16. Bxe6 Rxe6 17. Be3 d5 18. Rad1 Qd7 19. exd5 Nxd5 20. d4 exd4 21. Bxd4 Rxe1+ 22. Rxe1 Ngf4 23. Ne5 Qe6 24. Nd3 Qc6 25. Ne5 Qe6 26. Re4 Qd6 27. Rxf4 Bxd4 28. cxd4 1-0


[Site "https://www.chess.com"]

[Event "Titled Tuesday Blitz December 14 2021"]
[White "Rakhmanov, Aleksandr"]
[Black "Jovic, Stanoje"]
[WhiteFideId "4173708"]
[BlackFideId "905020"]
[WhiteElo "2500"]
[BlackElo "2286"]
[Result "1-0"]
[Round "09"]
[TimeControl "180+1"]
[Date "2021.12.14"]
[WhiteClock "0:00:37"]
[BlackClock "0:00:10"]

1. d4 Nf6 2. c4 e6 3. Nc3 Bb4 4. e3 O-O 5. Nf3 d5 6. Bd2 b6 7. cxd5 exd5 8. Rc1 c5 9. a3 Bxc3 10. Bxc3 c4 11. Ne5 Nbd7 12. f3 Re8 13. Be2 Bb7 14. O-O Nxe5 15. dxe5 Nd7 16. f4 Nc5 17. Qe1 a5 18. Rd1 Qe7 19. f5 f6 20. e6 Ne4 21. Bd4 b5 22. Qh4 b4 23. axb4 axb4 24. Bh5 Rf8 25. Bf7+ Rxf7 26. exf7+ Qxf7 27. Ra1 c3 28. bxc3 bxc3 29. Qf4 Rc8 30. Rfc1 c2 31. Ra2 g5 32. fxg6 hxg6 33. Raxc2 Rc4 34. Qf1 Ba6 35. Qd1 g5 36. Ra2 Rxc1 37. Qxc1 Bc4 38. Ra8+ 1-0


[Site "https://www.chess.com"]

[Event "Titled Tuesday Blitz December 14 2021"]
[White "Rosenberg, Evan S"]
[Black "Matinian, Nikita"]
[WhiteFideId "2019299"]
[BlackFideId "24129100"]
[WhiteElo "2448"]
[BlackElo "2422"]
[Result "0-1"]
[Round "09"]
[TimeControl "180+1"]
[Date "2021.12.14"]
[WhiteClock "0:00:01"]
[BlackClock "0:01:17"]

1. Nf3 Nf6 2. c4 g6 3. Nc3 Bg7 4. e4 O-O 5. d4 d6 6. h3 e5 7. dxe5 dxe5 8. Qxd8 Rxd8 9. Bg5 Re8 10. Nd5 Nxd5 11. cxd5 c6 12. Bc4 b5 13. Bb3 a5 14. a4 bxa4 15. Bxa4 Bd7 16. Nd2 cxd5 17. exd5 e4 18. Nc4 Bxa4 19. Rxa4 Nd7 20. O-O f5 21. Rxa5 Rxa5 22. Nxa5 Bxb2 23. Rb1 Bd4 24. Rb7 Nc5 25. Re7 Rxe7 26. Bxe7 Nd3 27. Bh4 Kf7 28. Nc6 Bc5 29. Kf1 h6 30. Nd8+ Ke8 31. Ne6 Bd6 32. Bf6 Nb4 33. Bg7 h5 34. Bd4 Nxd5 35. f3 exf3 36. gxf3 Kf7 37. Ng5+ Ke7 38. Ke2 Bf4 39. h4 Bxg5 40. hxg5 Ke6 41. Kf2 f4 42. Kg2 Kf5 43. Kf2 Kxg5 44. Ba7 Kf5 0-1


[Site "https://www.chess.com"]

[Event "Titled Tuesday Blitz December 14 2021"]
[White "Sarana, Alexey"]
[Black "Durarbayli, Vasif"]
[WhiteFideId "24133795"]
[BlackFideId "13402935"]
[WhiteElo "2672"]
[BlackElo "2599"]
[Result "1-0"]
[Round "09"]
[TimeControl "180+1"]
[Date "2021.12.14"]
[WhiteClock "0:00:46"]
[BlackClock "0:00:01"]

1. d4 Nf6 2. c4 e6 3. Nc3 Bb4 4. e3 O-O 5. Bd3 b6 6. e4 Ne8 7. Ne2 Bb7 8. a3 Be7 9. O-O d6 10. f4 Nd7 11. Be3 e5 12. fxe5 dxe5 13. d5 Bc5 14. Qd2 Qg5 15. Rf3 Bxe3+ 16. Rxe3 Nc5 17. Bc2 Nd6 18. b3 f5 19. exf5 Nxf5 20. Rd3 Qxd2 21. Rxd2 a5 22. Bxf5 Rxf5 23. Rb1 Raf8 24. Ng3 Rf4 25. a4 Bc8 26. Re2 Bf5 27. Nxf5 R8xf5 28. Nb5 Rf7 29. Rxe5 h6 30. h3 Rf2 31. Re3 Rd2 32. Rf1 1-0


[Site "https://www.chess.com"]

[Event "Titled Tuesday Blitz December 14 2021"]
[White "Saxar85"]
[Black "Rustemov, Alexander"]
[BlackFideId "4119002"]
[WhiteElo "2699"]
[BlackElo "2850"]
[Result "1-0"]
[Round "09"]
[TimeControl "180+1"]
[Date "2021.12.14"]
[WhiteClock "0:00:20"]
[BlackClock "0:00:01"]

1. Nf3 d5 2. g3 Nf6 3. Bg2 c6 4. O-O Bf5 5. c4 e6 6. cxd5 exd5 7. d3 Be7 8. Qb3 Qb6 9. Qc2 O-O 10. Nc3 Nbd7 11. e4 Bg6 12. Be3 Qa6 13. Nh4 dxe4 14. dxe4 Bc5 15. Bf4 Rfe8 16. Nxg6 hxg6 17. Rad1 Rad8 18. h3 Nf8 19. e5 N6d7 20. Ne4 Ne6 21. Nxc5 Ndxc5 22. Be3 Nd3 23. Qc3 c5 24. f4 c4 25. b3 b5 26. bxc4 bxc4 27. Kh2 Qxa2 28. Ra1 Qb3 29. Ra3 Qxc3 30. Rxc3 Rc8 31. Bxa7 Rc7 32. Be3 Rec8 33. Ra1 g5 34. f5 Nec5 35. e6 fxe6 36. fxe6 Nxe6 37. Bd5 Re8 38. Ra6 Kf7 39. Bxc4 Rxc4 40. Rxc4 Ne5 41. Re4 Kf6 42. Bd4 Kf7 43. Bxe5 Nc5 44. Ra7+ Kg6 45. Re3 Re6 46. Bd4 1-0


[Site "https://www.chess.com"]

[Event "Titled Tuesday Blitz December 14 2021"]
[White "Shkapenko, Pavel"]
[Black "Gracia Alvarez, Gerardo Antonio"]
[WhiteFideId "4151933"]
[BlackFideId "5109124"]
[WhiteElo "2386"]
[BlackElo "2148"]
[Result "1-0"]
[Round "09"]
[TimeControl "180+1"]
[Date "2021.12.14"]
[WhiteClock "0:00:33"]
[BlackClock "0:00:03"]

1. e4 c5 2. c3 Nf6 3. e5 Nd5 4. d4 cxd4 5. cxd4 d6 6. Nf3 Nc6 7. Bc4 dxe5 8. Nxe5 e6 9. O-O Be7 10. Nf3 O-O 11. Nc3 Nb6 12. Bb3 Bf6 13. Be3 Nb4 14. Ne5 N4d5 15. Ne4 Bxe5 16. dxe5 Nxe3 17. fxe3 Nd5 18. Bxd5 Qxd5 19. Qxd5 exd5 20. Nd6 Be6 21. Rac1 b6 22. Rc7 a5 23. Rfc1 Rfd8 24. R1c6 Rab8 25. Ra7 Ra8 26. Rxa8 Rxa8 27. Rxb6 a4 28. a3 h6 29. Kf2 Ra5 30. Nb7 Ra8 31. Nc5 Rc8 32. Nxa4 Rc2+ 33. Kg3 Re2 34. Kf3 Rc2 35. b4 h5 36. Nc5 Bg4+ 37. Kg3 Rc3 38. h3 Rxe3+ 39. Kf4 Rxa3 40. hxg4 hxg4 41. Kxg4 Kh7 42. Rb7 Kg6 43. Rb6+ Kh7 44. b5 Ra2 45. g3 Rb2 46. Nd7 d4 47. Kf3 1-0


[Site "https://www.chess.com"]

[Event "Titled Tuesday Blitz December 14 2021"]
[White "Shubin, Kirill"]
[Black "Vidit, Santosh Gujrathi"]
[WhiteFideId "34119962"]
[BlackFideId "5029465"]
[WhiteElo "2501"]
[BlackElo "2628"]
[Result "0-1"]
[Round "09"]
[TimeControl "180+1"]
[Date "2021.12.14"]
[WhiteClock "0:00:09"]
[BlackClock "0:00:10"]

1. e4 c5 2. Nf3 d6 3. Bb5+ Nd7 4. Ba4 Nf6 5. O-O g6 6. Re1 Bg7 7. c3 O-O 8. d4 e6 9. Bf4 Qb6 10. Nbd2 Qa6 11. Qb3 d5 12. exd5 Nxd5 13. Nc4 cxd4 14. Bd6 b6 15. Bc6 dxc3 16. Bxa8 cxb2 17. Rab1 b5 18. Bxd5 bxc4 19. Bxc4 Qxd6 20. Red1 Qc7 21. Nd4 Nb6 22. Bb5 Rd8 23. Nc6 Rxd1+ 24. Rxd1 Nd5 25. Nd4 Nc3 0-1


[Site "https://www.chess.com"]

[Event "Titled Tuesday Blitz December 14 2021"]
[White "Silva, Miguel Antonio Neto"]
[Black "Kucuksari, Kaan"]
[WhiteFideId "1911929"]
[BlackFideId "6380166"]
[WhiteElo "2204"]
[BlackElo "2305"]
[Result "1-0"]
[Round "09"]
[TimeControl "180+1"]
[Date "2021.12.14"]
[WhiteClock "0:00:17"]
[BlackClock "0:01:27"]

1. d4 d5 2. c4 c6 3. Nf3 Nf6 4. e3 e6 5. Bd3 Nbd7 6. O-O Bd6 7. b3 b6 8. Bb2 O-O 9. Nbd2 Bb7 10. Ne5 c5 11. Qe2 cxd4 12. exd4 dxc4 13. bxc4 Bxe5 14. dxe5 Nc5 15. Bc2 Nfd7 16. Nf3 Rc8 17. Rad1 Qc7 18. Ng5 h6 19. Ne4 Bxe4 20. Bxe4 Nxe5 21. Bxe5 Qe7 22. Bd6 Qh4 23. Bf3 Rfd8 24. g3 Qg5 25. h4 Qf5 26. Bxc5 Qxc5 27. Rxd8+ Rxd8 28. Rd1 Rxd1+ 29. Qxd1 Qxc4 30. Qd8+ Kh7 31. Qd7 e5 32. Bd5 Qc1+ 33. Kg2 Qc5 34. Qxf7 Qd4 35. h5 1-0


[Site "https://www.chess.com"]

[Event "Titled Tuesday Blitz December 14 2021"]
[White "Stoleriu, George"]
[Black "Tsvetkov, Andrey"]
[WhiteFideId "1227505"]
[BlackFideId "34139360"]
[WhiteElo "2199"]
[BlackElo "2280"]
[Result "0-1"]
[Round "09"]
[TimeControl "180+1"]
[Date "2021.12.14"]
[WhiteClock "0:00:03"]
[BlackClock "0:00:24"]

1. e4 c5 2. Nf3 d6 3. Bb5+ Nd7 4. d4 cxd4 5. Qxd4 a6 6. Bxd7+ Bxd7 7. c4 e5 8. Qd3 b5 9. Nc3 bxc4 10. Qxc4 Be6 11. Qc6+ Bd7 12. Qc4 h6 13. O-O Nf6 14. Rd1 Be7 15. Ne1 O-O 16. Nc2 Rc8 17. Qd3 Qb6 18. Ne3 Qb7 19. Ncd5 Nxd5 20. Nxd5 Bd8 21. b3 f5 22. f3 fxe4 23. fxe4 Bb5 24. Qg3 Rc2 25. Be3 Qf7 26. h3 Qh5 27. Rdc1 Re2 28. a4 Bd3 29. Bxh6 Qxh6 30. Qxd3 Rff2 31. Qg3 Qd2 32. Ne3 Bb6 33. Rc8+ Kf7 34. Rf1 Rxf1+ 35. Kxf1 Rxe3 36. Qf2+ Qxf2+ 37. Kxf2 Rc3+ 0-1


[Site "https://www.chess.com"]

[Event "Titled Tuesday Blitz December 14 2021"]
[White "Sviridov, Valery"]
[Black "Moroni, Luca Jr"]
[WhiteFideId "4120680"]
[BlackFideId "865834"]
[WhiteElo "2454"]
[BlackElo "2491"]
[Result "1-0"]
[Round "09"]
[TimeControl "180+1"]
[Date "2021.12.14"]
[WhiteClock "0:01:08"]
[BlackClock "0:00:19"]

1. Nf3 g6 2. g3 Bg7 3. Bg2 d6 4. O-O Bd7 5. e4 Qc8 6. d4 Nc6 7. Nc3 Bh3 8. Be3 h5 9. Bxh3 Qxh3 10. Ng5 Qd7 11. h4 Nf6 12. f3 O-O 13. Kg2 e6 14. Qd2 Nh7 15. Nxh7 Kxh7 16. Rad1 Ne7 17. Bg5 b5 18. Rh1 b4 19. Ne2 a5 20. Qd3 f5 21. exf5 exf5 22. Nf4 Rae8 23. Rhe1 Nc6 24. c3 bxc3 25. bxc3 Rxe1 26. Rxe1 Re8 27. Rxe8 Qxe8 28. g4 hxg4 29. fxg4 Ne7 30. gxf5 Nxf5 31. h5 Kg8 32. hxg6 Qc6+ 33. Kf2 Ne7 34. Bxe7 Qa4 35. Qe2 Bh6 36. Qe6+ Kh8 37. Bf6+ Bg7 38. Qc8+ 1-0


[Site "https://www.chess.com"]

[Event "Titled Tuesday Blitz December 14 2021"]
[White "Tari, Aryan"]
[Black "Djordjevic, Vuk"]
[WhiteFideId "1510045"]
[BlackFideId "902098"]
[WhiteElo "2656"]
[BlackElo "2463"]
[Result "0-1"]
[Round "09"]
[TimeControl "180+1"]
[Date "2021.12.14"]
[WhiteClock "0:00:02"]
[BlackClock "0:00:16"]

1. e4 e6 2. d4 d5 3. Nc3 Bb4 4. exd5 exd5 5. Bd3 Nf6 6. Nf3 h6 7. O-O O-O 8. Ne2 Bd6 9. Ng3 Nc6 10. c3 Ne7 11. Ne5 c5 12. Qf3 cxd4 13. cxd4 Nc6 14. Nxc6 bxc6 15. h3 Re8 16. Bf4 Rb8 17. Rac1 Rxb2 18. Rxc6 Bxf4 19. Qxf4 Rxa2 20. Rfc1 Be6 21. Nf5 Ra3 22. Bb1 Rb3 23. Bc2 Rb6 24. Rxb6 axb6 25. Bd3 Bxf5 26. Qxf5 Qe7 27. Qf3 Qb4 28. Rc6 Qxd4 29. g3 Rb8 30. Kg2 b5 31. Qf5 Kf8 0-1


[Site "https://www.chess.com"]

[Event "Titled Tuesday Blitz December 14 2021"]
[White "Timofeev, Artyom"]
[Black "Weetik, Vjacheslav"]
[WhiteFideId "4140419"]
[BlackFideId "4153472"]
[WhiteElo "2628"]
[BlackElo "2469"]
[Result "0-1"]
[Round "09"]
[TimeControl "180+1"]
[Date "2021.12.14"]
[WhiteClock "0:00:01"]
[BlackClock "0:00:04"]

1. c4 e5 2. e3 g6 3. Nc3 Bg7 4. Nf3 f5 5. Be2 Nc6 6. d3 Nf6 7. O-O O-O 8. Rb1 a5 9. b3 d6 10. Bb2 h6 11. Nd5 g5 12. e4 Be6 13. exf5 Bxf5 14. Ne3 Bh7 15. Rc1 Qd7 16. h3 Rae8 17. d4 exd4 18. Nxd4 Ne4 19. Bf3 Rxf3 20. gxf3 Qxh3 21. fxe4 Bxe4 22. f3 Qg3+ 23. Ng2 Be5 24. Ne2 Qh2+ 25. Kf2 Bxb2 26. Rh1 Qe5 27. fxe4 Rf8+ 28. Ke1 Nd4 29. Nxd4 Qg3+ 30. Kd2 Bxd4 31. Qe2 Rf2 32. Qxf2 Qxf2+ 33. Kd3 Bc5 34. Ne1 Qe3+ 35. Kc2 Qxe4+ 36. Nd3 Qe2+ 37. Kc3 a4 38. Rce1 Qxa2 39. bxa4 Qa3+ 40. Kc2 Bd4 41. Nc1 Qc3+ 42. Kd1 Be3 43. Ke2 Qd2+ 44. Kf3 Qf2+ 45. Ke4 Qf4+ 46. Kd3 Qd4+ 47. Ke2 Bf4 48. Kf3 Qxc4 49. Kg4 Kg7 50. Kh5 Qf7+ 51. Kg4 Bxc1 52. Rxc1 Qf4+ 53. Kh3 Qf3+ 54. Kh2 Qf2+ 55. Kh3 h5 56. Rxc7+ Kg6 57. Rg1 g4+ 58. Rxg4+ hxg4+ 59. Kxg4 Qd4+ 60. Kf3 Qxa4 61. Ke3 Qb3+ 62. Kd4 Kf5 63. Rd7 Ke6 64. Rxd6+ Kxd6 65. Ke4 Qc4+ 0-1


[Site "https://www.chess.com"]

[Event "Titled Tuesday Blitz December 14 2021"]
[White "Tsydypov, Zhamsaran"]
[Black "Samsonkin, Artiom"]
[WhiteFideId "4108566"]
[BlackFideId "13503111"]
[WhiteElo "2614"]
[BlackElo "2513"]
[Result "1/2-1/2"]
[Round "09"]
[TimeControl "180+1"]
[Date "2021.12.14"]
[WhiteClock "0:02:11"]
[BlackClock "0:00:14"]

1. e4 e6 2. d4 d5 3. e5 c5 4. c3 Nc6 5. Nf3 Qb6 6. Na3 Nh6 7. Nc2 Bd7 8. Bd3 cxd4 9. cxd4 Nb4 10. Nxb4 Bxb4+ 11. Kf1 Bb5 12. Bxh6 gxh6 13. g3 O-O 14. Kg2 f6 15. exf6 Rxf6 16. Bxb5 Qxb5 17. Ne5 Bd6 18. Ng4 Rg6 19. Re1 Rf8 20. Rb1 h5 21. Ne5 Bxe5 22. Rxe5 h4 23. Qd2 Rf5 24. Rxf5 exf5 25. Re1 hxg3 26. hxg3 Qd7 27. Qf4 Rg4 28. Qb8+ Kg7 29. Rc1 Qe6 30. Rc7+ Kg6 31. Qh8 Qe4+ 32. Kh2 Rh4+ 33. gxh4 Qxh4+ 34. Kg2 Qg4+ 35. Kf1 Qd1+ 36. Kg2 Qg4+ 37. Kf1 Qd1+ 38. Kg2 Qg4+ 1/2-1/2


[Site "https://www.chess.com"]

[Event "Titled Tuesday Blitz December 14 2021"]
[White "Vokhidov, Shamsiddin"]
[Black "Babazada, Khazar"]
[WhiteFideId "14204223"]
[BlackFideId "13413554"]
[WhiteElo "2613"]
[BlackElo "2302"]
[Result "1/2-1/2"]
[Round "09"]
[TimeControl "180+1"]
[Date "2021.12.14"]
[WhiteClock "0:00:09"]
[BlackClock "0:00:11"]

1. e4 c6 2. d4 d5 3. e5 g6 4. c4 Bg7 5. Nc3 Nh6 6. h3 O-O 7. Nf3 f6 8. Be2 fxe5 9. dxe5 e6 10. O-O Nd7 11. Re1 Nf7 12. cxd5 cxd5 13. Nxd5 Nfxe5 14. Nf4 Nxf3+ 15. Bxf3 Ne5 16. Be4 Qf6 17. Qe2 Bd7 18. Be3 Bc6 19. Bxc6 Nxc6 20. Qc4 Rae8 21. Rad1 Kh8 22. b3 Bh6 23. Nd3 Bg7 24. Qg4 Qf5 25. Nc5 b6 26. Ne4 Ne5 27. Qh4 Nf7 28. Rd7 a6 29. Bxb6 Rc8 30. Ng3 Qb5 31. Rb7 Qc6 32. Qe4 Nd6 33. Qxc6 Rxc6 34. Rxg7 Kxg7 35. Bd4+ Kf7 36. Be5 Rfc8 37. Kh2 h6 38. Rd1 Nf5 39. Ne4 Ke7 40. g4 Rc1 41. Rxc1 Rxc1 42. gxf5 exf5 43. Ng3 Rc2 44. Kg2 Rxa2 45. h4 Ke6 46. Bg7 Kf7 47. Bd4 Ra3 48. b4 Ke6 49. Bg7 Rb3 50. Bf8 g5 51. h5 f4 52. Nf1 Kf5 53. f3 Rb2+ 54. Kh3 Rb3 55. Nh2 g4+ 56. Kg2 g3 57. Ng4 Rb2+ 58. Kg1 Kg5 59. Bxh6+ Kh4 60. Bxf4 Kh3 61. Bxg3 Kxg3 62. Kf1 Kxf3 63. Ne5+ Ke4 64. Nc6 Kd5 65. Nb8 Rxb4 66. Nxa6 Rc4 67. h6 Kc6 68. h7 Rh4 69. Nb4+ Kb5 70. Nd3 Rxh7 71. Ke2 Kc4 72. Ne5+ Kd4 73. Nf3+ Ke4 74. Ng5+ Kf5 75. Nxh7 1/2-1/2


[Site "https://www.chess.com"]

[Event "Titled Tuesday Blitz December 14 2021"]
[White "Wagner, Dennis"]
[Black "Jobava, Baadur"]
[WhiteFideId "24650684"]
[BlackFideId "13601520"]
[WhiteElo "2355"]
[BlackElo "2689"]
[Result "0-1"]
[Round "09"]
[TimeControl "180+1"]
[Date "2021.12.14"]
[WhiteClock "0:00:06"]
[BlackClock "0:01:31"]

1. d4 d5 2. c4 c6 3. Nf3 Nf6 4. Nc3 dxc4 5. e4 b5 6. Be2 Bg4 7. O-O e6 8. h3 Bh5 9. e5 Nd5 10. a4 Be7 11. Ne4 Bg6 12. Nfd2 O-O 13. Bf3 Nd7 14. g3 N7b6 15. axb5 cxb5 16. h4 h6 17. Kg2 a5 18. h5 Bh7 19. Nc5 a4 20. Be4 Rc8 21. Bxh7+ Kxh7 22. Nde4 Nd7 23. Nb7 Qb6 24. Nbd6 Bxd6 25. Nxd6 Rc6 26. Qg4 Rxd6 27. exd6 N7f6 28. Qe2 Rd8 29. Bd2 Qxd4 30. Rfd1 Qe4+ 31. Qxe4+ Nxe4 32. Ba5 Rxd6 33. Rd4 Nf4+ 34. gxf4 Rxd4 35. Kf3 Nc5 36. Bb6 Rd3+ 37. Ke2 Nb3 38. Rg1 Rd5 39. Bc7 Rxh5 40. Be5 f6 41. Bc3 Rd5 42. Kf3 h5 43. Rh1 Kg6 0-1


[Site "https://www.chess.com"]

[Event "Titled Tuesday Blitz December 14 2021"]
[White "Xiong, Jeffery"]
[Black "Nakamura, Hikaru"]
[WhiteFideId "2047640"]
[BlackFideId "2016192"]
[WhiteElo "2727"]
[BlackElo "2884"]
[Result "1/2-1/2"]
[Round "09"]
[TimeControl "180+1"]
[Date "2021.12.14"]
[WhiteClock "0:00:12"]
[BlackClock "0:00:12"]

1. d4 Nf6 2. c4 e6 3. Nc3 Bb4 4. Nf3 O-O 5. Bg5 h6 6. Bh4 d5 7. e3 c5 8. cxd5 exd5 9. dxc5 Nbd7 10. Rc1 Qa5 11. Bxf6 Nxf6 12. Bd3 Bxc5 13. a3 Bd6 14. O-O Bg4 15. h3 Bxf3 16. Qxf3 Be5 17. Rc2 Rad8 18. Rd1 Rfe8 19. Ne2 Qb6 20. Rdc1 g6 21. b4 a5 22. Rc5 axb4 23. Rb5 Qd6 24. axb4 b6 25. g3 Kg7 26. Kg2 Ra8 27. Rd1 Ra3 28. Bc4 Qc6 29. Rdxd5 Nxd5 30. Bxd5 Qxb5 31. Qxf7+ Kh8 32. Nf4 Bxf4 33. Qf6+ Kh7 34. Qf7+ Kh8 35. Qf6+ Kh7 36. Qf7+ Kh8 1/2-1/2


[Site "https://www.chess.com"]